 Dungeon Crawl Stone Soup version 0.23.0 (webtiles) character file.

Game seed: 478241648413296708

316 edsrzf the Sneak (level 6, 0/61 HPs)
             Began as a Human Enchanter on Feb 24, 2019.
             Succumbed to an adder's poison
             ... on level 4 of the Dungeon.
             The game lasted 00:09:41 (4783 turns).

edsrzf the Sneak (Human Enchanter)                  Turns: 4783, Time: 00:09:42

Health: 0/61       AC:  2    Str: 14    XL:     6   Next: 73%
Magic:  2/9        EV: 15    Int: 17    God:
Gold:   81         SH:  0    Dex: 13    Spells: 0/9 levels left

rFire    . . .     SeeInvis .   a - +1 dagger
rCold    . . .     Gourm    .   (no shield)
rNeg     . . .     Faith    .   b - +0 robe
rPois    .         Spirit   .   (no helmet)
rElec    .         Reflect  .   (no cloak)
rCorr    .         Harm     .   (no gloves)
MR       .....                  (no boots)
Stlth    ..........             (no amulet)
HPRegen  0.20/turn              p - +3 ring of evasion
MPRegen  0.11/turn              (no ring)

@: berserking (expiring), lethally poisoned (0 -> -7), very quick
A: no striking features
a: no special abilities


You were on level 4 of the Dungeon.
You were very hungry.

You visited 1 branch of the dungeon, and saw 4 of its levels.

You collected 81 gold pieces.

Inventory:

Hand Weapons
 a - a +1 dagger (weapon)
 o - a cursed -1 falchion
Missiles
 f - 23 poisoned needles
Armour
 b - a +0 robe (worn)
Jewellery
 p - a +3 ring of evasion (left hand)
Wands
 n - a wand of polymorph (7)
Scrolls
 c - a scroll of enchant armour {unknown}
 e - a scroll of amnesia {unknown}
 g - 2 scrolls of immolation {unknown}
 h - 2 scrolls of enchant weapon {unknown}
 i - 3 scrolls of identify {unknown}
 k - 4 scrolls of remove curse {unknown}
 l - a scroll of magic mapping {unknown}
Potions
 m - a potion of degeneration
Comestibles
 d - 7 rations


   Skills:
 + Level 0.1 Fighting
 - Level 3.5 Short Blades
 - Level 2.0 Dodging
 - Level 5.0 Stealth
 - Level 2.0 Spellcasting
 - Level 4.7 Hexes


You couldn't memorise any spells.
You knew the following spells:

 Your Spells              Type           Power        Failure   Level  Hunger
a - Corona                Hex            ###....      2%          1    #......
c - Confuse               Hex            ###.....     9%          3    ###....
d - Tukima's Dance        Hex            ###.....     9%          3    ###....
h - Ensorcelled Hibernat  Hex/Ice        #.....       11%         2    ###....

Your spell library contained the following spells:

 Spells                   Type           Power        Failure   Level  Hunger
 Dazzling Spray           Conj/Hex       #.....       22%         3    ###....


Dungeon Overview and Level Annotations

Branches:
Dungeon (4/15)
 Temple: D:4-7

Altars:


Message History

You barely miss the orc.
The orc is severely wounded.
The adder bites you but does no damage.
You closely miss the orc.
The orc is severely wounded.
The orc barely misses you. The adder barely misses you.
You hit the orc but do no damage.
The orc is severely wounded.
The orc hits you but does no damage. The adder closely misses you.
You hit the orc but do no damage.
The orc is severely wounded.
The adder bites you but does no damage. The orc hits you but does no damage.
You hit the orc but do no damage.
The orc is severely wounded.
The adder closely misses you. The orc closely misses you.
Casting: Confuse (safe; 9% risk of failure)
Confirm with . or Enter, or press ? or * to list all spells.
Aiming: Ensorcelled Hibernation (safe; 11% risk of failure)
Press: ? - help, Shift-Dir - straight line, f - adder, p - orc
Aim: an adder (chance to defeat MR: 50%)
The adder resists with some effort.
You are feeling very hungry.
The adder bites you. The orc misses you.
Casting: Ensorcelled Hibernation (safe; 11% risk of failure)
Confirm with . or Enter, or press ? or * to list all spells.
Aiming: Ensorcelled Hibernation (safe; 11% risk of failure)
Press: ? - help, Shift-Dir - straight line, f/p - adder
Aim: an adder (chance to defeat MR: 50%)
The adder resists with some effort.
The adder closely misses you. The orc closely misses you.
You hit the orc but do no damage.
The orc is severely wounded.
The adder bites you.
You are poisoned.
The adder poisons you! The adder closely misses you.
You barely miss the orc.
The orc is severely wounded.
You feel sick. The orc barely misses you. The adder completely misses you.
You hit the orc but do no damage.
The orc is heavily wounded.
The orc hits you. The adder closely misses you.
You hit the orc but do no damage.
The orc is heavily wounded.
The adder bites you. The orc misses you.
You barely miss the orc.
The orc is heavily wounded.
You feel sick. The adder bites you but does no damage. The orc hits you.
You hit the orc.
The orc is almost dead.
The adder closely misses you. The orc hits you.
You hit the orc but do no damage.
The orc is almost dead.
The adder closely misses you.
Okay, then.
You hit the adder.
The adder is lightly wounded.
The adder bites you. The orc hits you.
You hit the orc but do no damage.
The orc is almost dead.
You feel sick. The adder bites you.
* * * LOW HITPOINT WARNING * * *
The orc closely misses you.
It was a potion of berserk rage.
A red film seems to cover your vision as you go berserk!
You feel yourself moving faster!
You feel mighty! The adder bites you.
* * * LOW HITPOINT WARNING * * *
You are more poisoned.
The adder poisons you! The orc barely misses you. The adder bites you.
* * * LOW HITPOINT WARNING * * *
You are lethally poisoned!
The adder poisons you!
You hit the adder.
The adder is severely wounded.
The orc misses you.
You closely miss the adder.
The adder is severely wounded.
* * * LOW HITPOINT WARNING * * *
You feel sick. The adder closely misses you.
You closely miss the adder.
The adder is severely wounded.
* * * LOW HITPOINT WARNING * * *
You feel sick. The orc hits you.
* * * LOW HITPOINT WARNING * * *
The adder bites you.
* * * LOW HITPOINT WARNING * * *
You hit the adder.
You kill the adder!
Your Stealth skill increases to level 5!
You hit the orc but do no damage.
The orc is almost dead.
* * * LOW HITPOINT WARNING * * *
You feel sick. The orc barely misses you.
You closely miss the orc.
The orc is almost dead.
You puncture the orc!
You kill the orc!
* * * LOW HITPOINT WARNING * * *
You feel sick.
You are too berserk!
You die...

.#........##........#'#.....##..#
..........#...........##.#..##...
#........##........#.##..........
###...#..#...........#...........
# ###...##.#........##...........
# ###.÷...........#............ .
#####.....†..##............ #.
###.).#..###........... #..
###.@.##...........## # ##
###)#.....###.##### .#####
###.#.....###.# #.
$......###...#.........####.
.o.....oo...##.....##....#..
.....###...........###.#....
............................
............................
.....###..#####.........†...


There were no monsters in sight!

Vanquished Creatures
  A hound (D:4)
  An orc priest (D:3)
  An orc wizard (D:4)
  2 worker ants (D:4)
  8 adders
  An adder zombie (D:4)
  2 worms (D:3)
  A dart slug (D:1)
  19 orcs
  A ball python (D:1)
  4 giant cockroaches
  6 goblins
  6 hobgoblins
  6 jackals
  2 quokkas
  5 bats
  6 frilled lizards
  7 kobolds
  7 rats
86 creatures vanquished.

Notes
Turn   | Place    | Note
-------+----------+-------------------------------------------
     0 | D:1      | edsrzf the Human Enchanter began the quest for the Orb.
     0 | D:1      | Reached XP level 1. HP: 13/13 MP: 3/3
   169 | D:1      | Reached XP level 2. HP: 19/19 MP: 5/5
   173 | D:1      | Learned a level 2 spell: Ensorcelled Hibernation
   964 | D:1      | Reached XP level 3. HP: 10/24 MP: 1/6
  1812 | D:2      | Reached skill level 2 in Short Blades
  2038 | D:2      | Reached XP level 4. HP: 18/30 MP: 0/7
  2803 | D:3      | Found a faded altar of an unknown god.
  2906 | D:3      | Learned a level 3 spell: Confuse
  3039 | D:3      | Reached skill level 4 in Stealth
  3039 | D:3      | Reached XP level 5. HP: 11/35 MP: 2/8
  3162 | D:3      | Reached skill level 4 in Hexes
  3664 | D:3      | Noticed Sigmund
  3680 | D:3      | Noticed Sigmund
  3680 | D:3      | Sigmund changed into Sigmund the adder
  3694 | D:3      | Identified 2 potions of degeneration
  3696 | D:3      | Identified a potion of haste
  3705 | D:3      | Identified a potion of heal wounds
  3716 | D:3      | Killed Sigmund the adder
  4300 | D:4      | Reached skill level 3 in Short Blades
  4300 | D:4      | Reached XP level 6. HP: 36/41 MP: 4/9
  4342 | D:4      | Learned a level 3 spell: Tukima's Dance
  4775 | D:4      | Identified a potion of berserk rage
  4778 | D:4      | HP: 3/61 [adder (4)]
  4779 | D:4      | Reached skill level 5 in Stealth
  4782 | D:4      | HP: 1/61 [poisoned by an adder]
  4783 | D:4      | Succumbed to an adder's poison

Skill      XL: |  1  2  3  4  5  6 |
---------------+-------------------+-----
Short Blades   | 2 3 |  3.5
Stealth        | 4 5 |  5.0
Hexes          | 4 |  4.7
Fighting       | |  0.1
Dodging        | |  2.0
Spellcasting   | |  2.0

Action                   |  1- 3 |  4- 6 || total
-------------------------+-------+-------++-------
Melee: Dagger            |   116 |   275 ||   391
 Cast: Corona            |     3 |       ||     3
       Ensorcelled Hiber |    17 |    40 ||    57
       Confuse           |       |     4 ||     4
Evoke: Wand              |       |     1 ||     1
  Use: Potion            |       |     4 ||     4
 Stab: Sleeping          |    11 |    24 ||    35
       Confused          |       |     2 ||     2
       Distracted        |       |     1 ||     1
  Eat: Chunk             |     5 |     8 ||    13
       Ration            |       |     1 ||     1
Armor: Robe              |    19 |    31 ||    50
Dodge: Dodged            |    80 |   170 ||   250
